Map: Port Aleksander LE

Players

TIME (Oliveira) - Winner!

  • Race: Terran Terran
  • Spawn Location: 11:00

DisK

  • Race: Protoss Protoss
  • Spawn Location: 5:00

Event: 2019 WCS Winter Americas

VOD

Have the link to the VOD?

Description

Time

  • Played on: Feb. 7, 2019, 12:50 p.m.
  • Length: 12:51

All games in this series

Show
View Real Time Build Order
Export as new Build Order

TIME Terran - Winner!

Build Orders: Gas First Reaper Expand 

Get SALT Encoding   

  12  0:00  SCV  
  13  0:13  SCV  
  14  0:18  Supply Depot  
  14  0:25  SCV  
  15  0:31  Refinery  
  15  0:39  SCV  
  16  0:46  Barracks  
  16  0:52  SCV  
  17  1:04  SCV  
  18  1:16  SCV  
  19  1:34  Reaper  
  19  1:35  Orbital Command  
  20  1:47  Command Center  
  20  1:57  Factory  
  20  2:02  SCV  
  20  2:08  Refinery  
  21  2:10  Barracks Reactor  
  21  2:14  SCV  
  22  2:19  Supply Depot  
  22  2:26  SCV  
  23  2:41  SCV  
  23  2:42  Hellion, Starport  
  26  2:46  Marine  
  26  2:48  Marine  
  28  2:53  SCV  
  29  3:00  Orbital Command  
  29  3:05  Factory Tech Lab  
  29  3:06  Marine  
  29  3:08  Marine  
  29  3:11  SCV  
  32  3:24  SCV  
  32  3:25  SCV  
  34  3:29  Widow Mine  
  34  3:32  Banshee  
  39  3:34  Marine  
  39  3:36  Marine  
  39  3:39  SCV  
  39  3:40  SCV  
  43  3:44  Supply Depot  
  43  3:52  Factory Tech Lab  
  43  3:53  Marine  
  43  3:54  Marine  
  43  3:55  SCV  
  46  4:00  Supply Depot  
  46  4:05  SCV, Liberator  
  46  4:07  SCV  
  48  4:10  Siege Tank  
  48  4:11  Marine  
  48  4:12  Marine  
  53  4:19  SCV  
  53  4:21  Supply Depot  
  53  4:22  SCV  
  58  4:29  Marine x2  
  60  4:31  SCV  
  60  4:34  SCV  
  62  4:43  SCV, Siege Tank  
  62  4:45  Supply Depot  
  66  4:46  SCV  
  66  4:47  Marine x2  
  69  4:55  SCV  
  70  5:06  SCV, Marine  
  72  5:08  SCV  
  72  5:11  Command Center  
  73  5:15  Siege Tank, Marine  
  73  5:18  SCV  
  78  5:21  Supply Depot  
  78  5:25  Banshee  
  77  5:33  Marine  
  74  5:40  Marine  
  70  5:47  Siege Tank  
  64  5:51  Marine  
  64  5:52  SCV  
  64  5:53  SCV  
  64  5:56  Engineering Bay, Barracks x2  
  65  5:57  Refinery  
  65  5:58  Refinery, Marine  
  65  6:00  Engineering Bay  
  66  6:05  SCV x2  
  66  6:08  Viking  
  66  6:09  Marine  
  70  6:16  Marine  
  70  6:17  SCV x2  
  72  6:25  Siege Tank  
  72  6:26  Orbital Command, Marine  
  72  6:29  SCV x2  
  72  6:31  Terran Infantry Weapons Level 1  
  71  6:41  SCV x2  
  71  6:45  Barracks Reactor  
  73  6:47  Barracks x2  
  73  6:52  Terran Infantry Armor Level 1  
  73  6:54  Stimpack, Supply Depot  
  73  6:55  Marine x2  
  73  6:56  SCV  
  73  6:57  SCV  
  73  7:00  Starport Reactor  
  73  7:01  Orbital Command, Marine  
  77  7:03  Siege Tank  
  77  7:08  Missile Turret  
  81  7:11  SCV  
  81  7:14  Missile Turret  
  82  7:16  SCV, Marine  
  80  7:23  SCV, Marine x2  
  80  7:29  SCV  
  84  7:30  SCV  
  84  7:32  Marine  
  84  7:33  Marauder  
  84  7:34  Marine  
  84  7:35  SCV  
  84  7:36  Barracks Tech Lab x2  
  90  7:39  Medivac x2  
  90  7:41  SCV  
  90  7:42  SCV  
  96  7:47  Supply Depot  
  96  7:48  SCV  
  96  7:50  Marine x2  
  99  7:52  Siege Tank  
  99  7:53  SCV  
  99  7:54  SCV  
  99  7:55  Combat Shield  
  104  7:59  Marine x2  
  104  8:00  SCV  
  104  8:04  Missile Turret  
  104  8:05  SCV  
  108  8:08  Marine x3  
  108  8:09  Marauder  
  108  8:10  SCV  
  114  8:17  Medivac  
  114  8:18  SCV  
  117  8:20  Supply Depot  
  117  8:24  Supply Depot  
  117  8:26  SCV, Medivac, Marauder  
  117  8:29  Supply Depot x2  
  117  8:31  Marauder, Marine x3  
  117  8:33  SCV x2  
  124  8:38  SCV  
  125  8:41  Siege Tank  
  125  8:45  SCV x2  
  125  8:47  Armory  
  130  8:49  Marine, Supply Depot x2  
  130  8:50  Marine  
  130  8:52  SCV  
  133  8:55  Marine  
  133  8:56  Marauder  
  133  9:01  Viking  
  138  9:04  SCV x2  
  138  9:06  SCV, Starport  
  141  9:10  Refinery  
  141  9:11  Refinery  
  141  9:14  Marine  
  141  9:15  Marauder, Marine x2  
  140  9:20  SCV  
  140  9:26  SCV  
  140  9:28  Command Center  
  140  9:29  Siege Tank  
  144  9:31  SCV  
  144  9:35  Viking  
  144  9:38  Terran Infantry Weapons Level 2  
  147  9:42  Terran Infantry Armor Level 2  
  151  9:45  Marauder x2  
  151  9:49  SCV  
  152  9:54  Marauder  
  152  9:57  Missile Turret, Sensor Tower, Starport Reactor  
  152  9:59  Marine x3  
  157  10:05  SCV x3  
  157  10:07  Marauder, Viking  
  157  10:10  Viking  
  161  10:16  Siege Tank  
  161  10:20  Marauder  
  161  10:21  Marauder, SCV  
  168  10:22  SCV  
  168  10:29  Marine  
  168  10:30  Supply Depot  
  168  10:32  SCV  
  170  10:37  Viking, SCV  
  170  10:40  SCV  
  169  10:43  Viking x3  
  169  10:47  SCV  
  169  10:49  Marauder, SCV, Marine x2  
  181  10:52  Marine x2  
  181  10:54  SCV, Marine  
  185  11:05  Siege Tank  
  185  11:07  Viking  
  185  11:08  Planetary Fortress  
  185  11:10  Marine x2  
  185  11:11  Missile Turret  
  192  11:14  Marine x2  
  192  11:15  Marauder  
  196  11:37  Marine x2  
  196  11:39  Command Center  
  196  11:49  Refinery x2  
  196  11:51  Supply Depot  
  196  12:02  Marine  
  196  12:03  Marauder  
  196  12:08  Marine  
  196  12:10  Marine  
  196  12:11  Marauder, Viking, Marine x2  
  196  12:12  Viking x3  
  183  12:18  Siege Tank  
  183  12:21  Marauder  
  172  12:24  Marauder  
  172  12:26  Marine  
  172  12:27  Marine  
  172  12:29  Marine x2  
  172  12:30  SCV x2  
  185  12:48  Factory  
  173  12:50  Factory  
Show
View Real Time Build Order
Export as new Build Order

DisK Protoss 

Build Orders: 1 Gate Expand, Colossus Rush 

Get SALT Encoding   

  12  0:00  Probe  
  13  0:12  Probe  
  14  0:18  Pylon  
  14  0:25  Probe  
  15  0:34  Probe  
  15  0:36  Gateway  
  15  0:42  Probe  
  16  0:47  Assimilator  
  17  0:52  Probe  
  18  1:04  Probe  
  19  1:16  Probe  
  20  1:24  Nexus  
  20  1:34  Cybernetics Core  
  20  1:38  Probe  
  21  1:45  Assimilator  
  21  1:50  Probe  
  22  1:55  Pylon  
  22  2:02  Probe  
  22  2:03  Adept  
  23  2:12  Warp Gate  
  23  2:14  Probe  
  26  2:26  Sentry, Probe  
  27  2:34  Probe  
  27  2:36  Probe  
  30  2:42  Probe  
  30  2:43  Robotics Facility  
  31  2:48  Probe  
  33  2:52  Stalker  
  33  2:53  Probe  
  36  3:00  Probe  
  37  3:06  Gateway  
  37  3:10  Gateway  
  37  3:14  Probe x2  
  39  3:24  Pylon  
  39  3:26  Probe  
  40  3:27  Probe  
  40  3:30  Observer  
  42  3:35  Robotics Bay  
  42  3:38  Probe  
  42  3:39  Probe  
  44  3:50  Probe  
  44  3:51  Probe  
  44  3:52  Pylon  
  44  3:54  Observer, Assimilator  
  47  3:56  Assimilator  
  47  4:02  Probe  
  48  4:03  Probe, Shield Battery  
  48  4:09  Shield Battery  
  49  4:14  Stalker x2  
  53  4:18  Gravitic Drive, Warp Prism  
  53  4:20  Probe x2  
  57  4:32  Probe  
  57  4:33  Probe  
  59  4:39  Pylon  
  59  4:45  Stalker, Probe  
  62  4:49  Pylon  
  62  4:51  Disruptor  
  62  4:54  Pylon  
  65  5:01  Stalker  
  65  5:02  Stalker  
  65  5:04  Pylon  
  69  5:14  Stalker  
  71  5:22  Probe x2  
  73  5:34  Stalker x2  
  73  5:35  Colossus  
  71  5:50  Probe  
  71  5:53  Stalker  
  71  6:01  Probe  
  72  6:10  Probe  
  73  6:12  Nexus  
  73  6:13  Stalker x2  
  73  6:17  Colossus  
  76  6:19  Pylon  
  76  6:21  Probe  
  74  6:29  Probe  
  75  6:33  Probe  
  75  6:39  Extended Thermal Lance  
  82  6:40  Sentry x2  
  82  6:45  Probe x2  
  88  6:56  Sentry  
  88  6:59  Forge  
  88  7:00  Gateway  
  90  7:05  Probe  
  90  7:06  Probe  
  92  7:14  Colossus  
  92  7:18  Probe x2  
  100  7:30  Probe  
  100  7:33  Stalker x2, Pylon  
  105  7:38  Protoss Ground Weapons Level 1  
  105  7:39  Stalker  
  107  7:58  Twilight Council  
  107  8:08  Probe x3  
  107  8:09  Blink  
  107  8:11  Gateway  
  107  8:12  Gateway  
  110  8:15  Gateway  
  110  8:17  Pylon  
  110  8:18  Pylon  
  106  8:22  Probe x3  
  109  8:30  Stalker x4  
  117  8:41  Probe x2  
  116  8:52  Probe  
  116  8:53  Probe  
  116  8:56  Probe  
  116  9:01  Stalker x4, Probe x2  
  127  9:06  Pylon  
  127  9:08  Probe  
  130  9:15  Protoss Ground Weapons Level 2  
  130  9:16  Stalker x3  
  136  9:24  Probe x3  
  139  9:36  Probe x3  
  142  9:42  Nexus  
  142  9:44  Immortal  
  146  9:48  Probe x2  
  146  9:49  Pylon  
  148  9:55  Pylon  
  148  9:59  Templar Archives  
  148  10:01  Pylon  
  148  10:13  Charge, Adept x4  
  156  10:18  Zealot  
  156  10:19  Immortal  
  158  10:22  Robotics Facility  
  158  10:32  Gateway  
  162  10:40  Zealot, Assimilator  
  162  10:41  Zealot x4, Assimilator  
  164  10:45  Probe x3  
  167  10:55  Psionic Storm  
  167  10:56  Forge  
  168  10:57  Probe  
  168  11:01  Immortal x2  
  168  11:10  Observer  
  176  11:14  High Templar  
  176  11:15  High Templar x2  
  182  11:21  Pylon  
  182  11:23  Pylon  
  182  11:25  Assimilator  
  182  11:29  Stalker, Assimilator  
  182  11:35  Zealot x3  
  188  11:51  Zealot x4  
  168  12:16  Zealot x6  
  168  12:17  Zealot  
  138  12:37  Zealot x6  
Tags
 
Add a new tag
Caveats
  • Supply blocks, unpowered buildings, or Contaminate may cause inaccurate times.
  • Supply counts are checked every 10 seconds.